 Dungeon Crawl Stone Soup version 0.30-a0-726-gd89dcf765f (webtiles) character file.

Game seed: 11345537848198437223

1244 Jackthecabe the Slicer (level 8, 0/43 HPs)
             Began as a Vine Stalker Brigand on Jan 29, 2023.
             Slain by an orc warrior
             ... wielding a +0 glaive
              (13 damage)
             ... on level 6 of the Dungeon.
             The game lasted 00:08:23 (4404 turns).

Jackthecabe the Slicer (Vine Stalker Brigand)       Turns: 4404, Time: 00:08:23

Health: 0/43       AC:  9    Str: 13    XL:     8   Next: 50%
Magic:  0/9        EV: 11    Int: 11    God:
Gold:   323        SH:  0    Dex: 19    Spells: 7/7 levels left

rFire   . . .      SeeInvis .    p - +2 dagger (venom)
rCold   . . .      Faith    .    (no shield)
rNeg    . . .      Spirit   +    b - +0 robe
rPois   .          Reflect  .    r - +0 helmet
rElec   .          Harm     .    c - +0 cloak
rCorr   .          Rampage  .    h - +1 pair of gloves
Will    +....                    G - +2 pair of boots
Stlth   +++                      (no amulet)
HPRegen 1.07/turn                (no ring)
MPRegen 0.11/turn                (no ring)

@: no status effects
A: fangs 3, regeneration 1, magic shield, antimagic bite, no potion heal 2
a: no special abilities


You were on level 6 of the Dungeon.
You visited 1 branch of the dungeon, and saw 6 of its levels.

You collected 323 gold pieces.


Innate Abilities, Weirdness & Mutations

You have razor-sharp teeth.
Your natural rate of healing is unusually fast.
When hurt, damage is shared between your health and your magic reserves.
Your bite disrupts and absorbs the magic of your enemies.
Potions cannot restore your health.


   Skills:
 - Level 5.0 Fighting
 - Level 8.0 Short Blades
 - Level 1.7 Throwing
 - Level 0.7 Dodging
 + Level 5.0 Stealth


You had 7 spell levels left.
You didn't know any spells.
Your spell library contained the following spells:

 Spells                   Type           Power      Damage    Failure   Level
 Apportation              Tloc           0%         N/A       34%         1
 Necrotise                Necr           0%         1d4       34%         1
 Summon Small Mammal      Summ           0%         N/A       34%         1

Inventory:

Hand Weapons
 p - a +2 dagger of venom (weapon)
 H - a +2 dagger of freezing
Missiles
 d - 20 poisoned darts (quivered)
 e - 3 curare-tipped darts {=f}
Armour
 b - a +0 robe (worn)
 c - a +0 cloak (worn)
 h - a +1 pair of gloves (worn)
 m - a scarf of shadows
 r - a +0 helmet (worn)
 G - a +2 pair of boots (worn)
Jewellery
 W - a ring of willpower
Wands
 q - a wand of digging (9)
 D - a wand of iceblast (7)
 I - a wand of paralysis (12)
Scrolls
 a - 4 scrolls of amnesia {unknown}
 f - a scroll of teleportation {unknown}
 i - 3 scrolls of fear {unknown}
 j - a scroll of torment {unknown}
 k - a scroll of silence {unknown}
 n - 8 scrolls of magic mapping {unknown}
 o - 4 scrolls of enchant weapon {unknown}
 t - a scroll of poison {unknown}
 w - 4 scrolls of identify {unknown}
 x - 3 scrolls of blinking {unknown}
 y - a scroll of brand weapon {unknown}
 F - a scroll of immolation {unknown}
Potions
 g - a potion of degeneration {unknown}
 l - 2 potions of haste {unknown}
 s - 6 potions of might {unknown}
 u - 2 potions of berserk rage {unknown}
 v - a potion of brilliance {unknown}
 z - a potion of lignification {unknown}
 A - 2 potions of flight {unknown}
 B - a potion of cancellation {unknown}
 C - 2 potions of heal wounds {unknown}
 E - 2 potions of mutation {unknown}

Dungeon Overview and Level Annotations

Branches:
Dungeon (6/15)
 Temple: D:4-7

Altars:
Elyvilon
Wu Jian
Yredelemnul

Shops:
D:2 =

Annotations:
D:4 2 runed translucent doors, iguanaiguana's ghost, weakling MeDe

##.##.####z.##..# ##.
................+....... #..
........<.......#.....z. #..
................#........ #..
###############'#........########
.........................
.......................##
.........o.............#
.......)@..............#.
........)..............#.
.........................
.......................#.
.......................#.
#########.......######.#
#.......#......##
#.......#........
#.......'....<...


You could see an orc warrior (extremely poisoned) and a wight.


Message History

The orc warrior is lightly wounded.
The orc warrior closely misses you.
You hit the orc warrior but do no damage.
The orc warrior looks even sicker.
You bite the orc warrior, but do no damage.
The orc warrior is lightly wounded.
The orc warrior closely misses you.
You closely miss the orc warrior. Your bite misses the orc warrior.
The orc warrior is lightly wounded.
You hit the orc warrior.
The orc warrior looks as sick as possible!
Your bite misses the orc warrior.
The orc warrior is lightly wounded.
The orc warrior hits you with a +0 glaive!
* * * LOW HITPOINT WARNING * * *
A wight comes into view.
It is wielding a +3 short sword of freezing.
You are too injured to fight recklessly!
You hit the orc warrior but do no damage.
The orc warrior is moderately wounded.
You hit the orc warrior.
The orc warrior looks as sick as possible!
The orc warrior is moderately wounded.
The orc warrior hits you with a +0 glaive!
* * * LOW HITPOINT WARNING * * *
You hit the orc warrior but do no damage.
The orc warrior looks as sick as possible!
Your bite misses the orc warrior.
The orc warrior is moderately wounded.
The orc warrior hits you with a +0 glaive!
You die...

Skill      XL: |  1  2  3  4  5  6  7  8 |
---------------+-------------------------+-----
Short Blades   | 2 3 4 5 6 8 |  8.0
Fighting       | 3 5 |  5.0
Stealth        | 5 |  5.0
Throwing       | |  1.7
Dodging        | |  0.7

Action                     |  1- 3 |  4- 6 |  7- 9 || total
---------------------------+-------+-------+-------++-------
  Melee: Dagger            |    68 |   110 |   146 ||   324
         Bite              |    21 |    34 |    50 ||   105
         Punch             |       |     3 |     3 ||     6
  Throw: Dart              |       |     2 |     1 ||     3
   Stab: Sleeping          |    10 |    12 |     9 ||    31
         Distracted        |       |     1 |       ||     1
 Armour: Robe              |    16 |    21 |    23 ||    60
  Dodge: Dodged            |    20 |    40 |    57 ||   117

Levels and vault maps discovered:
D:1:      tekkud_arrival_beachfront_property, layout_basic,
          shapermc_ecumenical_altar_starsandcircs
D:2:      layout_loops_cross, serial_shops, nicolae_shop_behind_doors
D:3:      layout_rooms, grunt_ministairs_7, uniq_ijyb, uniq_jessica
D:4:      minmay_door_path, layout_basic, ebering_ghost_disaster_area
D:5:      layout_loops_cross, nicolae_yredelemnul_corpse_copse,
          minmay_misc_feat_x
D:6:      layout_gridville, old_standard_altar,
          mainiacjoe_overflow_concentric_impassable, kennysheep_generic_room_5

Notes
Turn   | Place    | Note
-------+----------+-------------------------------------------
     0 | D:1      | Jackthecabe the Vine Stalker Brigand began the quest for
                  | the Orb.
     0 | D:1      | Reached XP level 1. HP: 11/11 MP: 2/2
   142 | D:1      | Reached skill level 2 in Short Blades
   328 | D:1      | Reached XP level 2. HP: 11/15 MP: 3/3
   347 | D:1      | Found a faded altar of an unknown god.
  1060 | D:2      | Reached skill level 3 in Short Blades
  1060 | D:2      | Reached XP level 3. HP: 11/18 MP: 2/4
  1455 | D:2      | Found Lastrig's Jewellery Shoppe.
  1640 | D:3      | Noticed Jessica
  1653 | D:3      | Killed Jessica
  1654 | D:3      | Reached skill level 4 in Short Blades
  1654 | D:3      | Gained mutation: Your natural rate of healing is unusually
                  | fast. [Vine Stalker growth]
  1654 | D:3      | Reached XP level 4. HP: 23/23 MP: 5/5
  1737 | D:3      | Noticed Ijyb
  1743 | D:3      | Killed Ijyb
  1744 | D:3      | Reached XP level 5. HP: 26/26 MP: 6/6
  1981 | D:3      | Reached skill level 5 in Short Blades
  2127 | D:4      | Noticed a phantom
  2243 | D:4      | Found a large runed translucent door.
  2248 | D:4      | Found a large runed translucent door.
  2264 | D:4      | Noticed iguanaiguana's ghost (weakling MeDe)
  2415 | D:4      | Noticed an orc warrior
  2428 | D:4      | Reached XP level 6. HP: 24/30 MP: 4/7
  2437 | D:4      | Killed an orc warrior
  2438 | D:4      | Reached skill level 6 in Short Blades
  2791 | D:4      | Reached XP level 7. HP: 34/34 MP: 8/8
  3036 | D:5      | Entered Level 5 of the Dungeon
  3099 | D:5      | Reached skill level 7 in Short Blades
  3108 | D:5      | Found a basalt altar of Yredelemnul.
  3460 | D:5      | Reached skill level 8 in Short Blades
  3625 | D:5      | Reached skill level 2 in Fighting
  3839 | D:6      | Reached skill level 3 in Fighting
  3839 | D:6      | Gained mutation: You have razor-sharp teeth. [Vine Stalker
                  | growth]
  3839 | D:6      | Reached XP level 8. HP: 29/40 MP: 6/9
  3934 | D:6      | Found an ornate altar of the Wu Jian Council.
  4163 | D:5      | Reached skill level 4 in Fighting
  4315 | D:6      | Found a white marble altar of Elyvilon.
  4390 | D:6      | Reached skill level 5 in Fighting
  4390 | D:6      | Reached skill level 5 in Stealth
  4404 | D:6      | Slain by an orc warrior

Vanquished Creatures
  An orc warrior (D:4)
  A centaur (D:6)
  A phantom (D:4)
  A bullfrog (D:6)
  2 scorpions (D:6)
  2 wights
  A howler monkey (D:5)
  A centaur zombie (D:5)
  A jelly (D:5)
  3 hounds
  4 orc priests
  2 iguanas
  Jessica (D:3)
  Ijyb (D:3)
  An orc wizard (D:6)
  2 scorpion zombies (D:5)
  A hound zombie (D:5)
  A howler monkey zombie (D:5)
  6 adders
  A white imp (D:6)
  3 ufetubi
  8 worms
  16 orcs
  11 ball pythons
  4 endoplasms
  A giant cockroach (D:2)
  6 goblins
  9 hobgoblins
  3 quokkas
  4 bats
  8 kobolds
  3 rats (D:1)
110 creatures vanquished.

Table legend: (Time is in decaauts)
 A = Elapsed time spent in this place.
 B = Non-inter-level travel time spent in this place.
 C = Inter-level travel time spent in this place.
 D = Time resting spent in this place.
 E = Time spent auto-exploring this place.
 F = Levels seen in this place.
 G = Mean time per level.
                   A        B        C        D        E       F      G
               +--------+--------+--------+--------+--------+-----+--------+
         Total |   4315 |   4103 |    212 |    100 |   3150 |   6 |  719.2 |
       Dungeon |   4315 |   4103 |    212 |    100 |   3150 |   6 |  719.2 |
               +--------+--------+--------+--------+--------+-----+--------+

Top non-repeatable levels by time:
     D:1: 957 daAuts
     D:4: 903 daAuts
     D:5: 859 daAuts
     D:2: 641 daAuts
     D:3: 499 daAuts
     D:6: 453 daAuts

Table legend:
 A = Non-vault XP
 B = Vault XP
 C = Vault XP percentage of total XP
 D = Non-vault monster count
 E = Vault monster count
 F = Vault count percentage of total count
                 A         B        C        D         E       F
            +---------+---------+-------+---------+---------+-------
      Total |    1509 |     269 |  15.1 |      99 |      11 |  10.0
            +---------+---------+-------+---------+---------+-------
        D:1 |      21 |       0 |   0.0 |      14 |       0 |   0.0
        D:2 |      37 |       0 |   0.0 |      14 |       0 |   0.0
        D:3 |      57 |     116 |  67.1 |      15 |       4 |  21.1
        D:4 |     428 |       4 |   0.9 |      26 |       2 |   7.1
        D:5 |     440 |     149 |  25.3 |      19 |       5 |  20.8
        D:6 |     526 |       0 |   0.0 |      11 |       0 |   0.0
            +---------+---------+-------+---------+---------+-------
